 Dungeon Crawl Stone Soup version 0.20-a0-656-g9b0dcd9 (webtiles) character file.

1439 Kurtz the Grappler (level 8, -1/78 HPs)
             Began as a Troll Chaos Knight on Feb 16, 2017.
             Killed from afar by an electric eel (7 damage)
             ... with a bolt of electricity
             ... on level 6 of the Dungeon.
             The game lasted 00:07:20 (3508 turns).

Kurtz the Grappler (Troll Chaos Knight)             Turns: 3508, Time: 00:07:20

Health: -1/78      AC:  4    Str: 21    XL:     8   Next: 45%
Magic:  7/7        EV: 11    Int:  8    God:    Xom [.....*]
Gold:   215        SH:  0    Dex: 11    Spells: 7/7 levels left

rFire    . . .     SeeInvis +     - Unarmed
rCold    . . .     Gourm    +   z - -1 robe (curse)
rNeg     . . .     Faith    .   (no shield)
rPois    .         Spirit   .   (helmet restricted)
rElec    .         Reflect  .   (no cloak)
rCorr    .         Harm     .   (gloves unavailable)
MR       .....                  (boots unavailable)
Stlth    +++.......             (no amulet)
Regen    0.7/turn               i - ring of stealth
MPRegen  0.1/turn               e - ring of see invisible

@: drained
A: unfitting armour, claws 3, fast metabolism 3, gourmand, regeneration 1,
shaggy fur 1, tough skin 2
a: Renounce Religion


You were on level 6 of the Dungeon.
You worshipped Xom.
You were Xom's teddy bear.
You were very full.

You visited 1 branch of the dungeon, and saw 6 of its levels.

You collected 215 gold pieces.

Inventory:

Armour
 a - a +2 robe
 y - a -1 robe
 z - a cursed -1 robe (worn)
Jewellery
 e - a ring of see invisible (left claw)
 i - a ring of stealth (right claw)
Wands
 f - a wand of digging (8/24)
Scrolls
 j - 3 scrolls of identify
 o - a scroll of immolation {unknown}
 p - 3 scrolls of teleportation
 r - a scroll of noise
 t - a scroll of amnesia {unknown}
 v - a scroll of fog {unknown}
 w - a scroll of enchant weapon {unknown}
Potions
 c - a potion of might
 d - a potion of magic {unknown}
 h - a potion of degeneration {unknown}
 l - 2 potions of curing {unknown}
 m - a potion of berserk rage {unknown}
 q - 2 potions of flight {unknown}
 x - a potion of ambrosia {unknown}
Miscellaneous
 s - a phantom mirror
Comestibles
 b - 3 bread rations
 g - 7 meat rations
 k - 2 royal jellies
 n - 8 fruits


   Skills:
 + Level 3.7(3.5) Fighting
 + Level 4.3(4.1) Dodging
 + Level 1.5(1.3) Stealth
 + Level 8.8(8.5) Unarmed Combat


You had 7 spell levels left.
You didn't know any spells.

Dungeon Overview and Level Annotations

Branches:
Dungeon (6/15)
 Temple: D:4-7

Altars:
Ashenzari
Dithmenos
Fedhas
Gozag
Okawaru
Ru
Xom

Annotations:
D:4 Kurtz's ghost, amateur TrCK


Innate Abilities, Weirdness & Mutations

You are too large for most types of armour.
You have claws for hands.
Your metabolism is lightning-fast.
You like to eat raw meat.
Your natural rate of healing is unusually fast.
You are covered in fur. (AC +1)
You have very tough skin. (AC +2)


Message History

Moving in this stuff is going to be slow.
The electric eel shoots out a bolt of lightning at you!
The bolt of electricity hits you!
The electric eel shoots out a bolt of lightning at you!
The bolt of electricity hits you!
You scratch the electric eel.
The electric eel is moderately wounded.
The electric eel shoots out a bolt of lightning at you!
The bolt of electricity hits you!
You are too injured to fight recklessly!
You enter the shallow water.
Moving in this stuff is going to be slow.
The electric eel shoots out a bolt of lightning at you!
The bolt of electricity hits you!
* * * LOW HITPOINT WARNING * * *
The bolt of electricity hits you!
* * * LOW HITPOINT WARNING * * *
The electric eel shoots out a bolt of lightning at you!
The bolt of electricity hits you!
You die...

## #≈♣♣## #♣P≈≈≈
♣≈≈≈≈♣♣# #♣≈P;≈≈≈#
#P.≈@≈≈≈# ##.....##
#.....# #.....# #.#####
##.# #..# # ###.######
#..
#......................


You could see an electric eel.

Vanquished Creatures
  Grinder (D:2)
  An ice beast (D:6)
  An ogre (D:4)
  2 bullfrogs (D:6)
  4 wights (D:6)
  2 electric eels (D:6)
  A crimson imp (D:5)
  2 bullfrog zombies
  2 hounds (D:5)
  2 orc priests
  2 orc wizards
  Ijyb (D:3)
  Natasha (twice) (D:3)
  An iguana (D:4)
  2 worker ants
  A killer bee zombie (D:6)
  A worker ant zombie (D:5)
  5 gnolls
  A howler monkey skeleton (D:4)
  8 adders
  A shadow imp (D:6)
  An ooze (D:2)
  An adder zombie (D:5)
  An adder skeleton (D:5)
  4 worms
  12 dart slugs
  5 leopard geckos
  7 orcs
  6 bats
  2 giant cockroaches
  6 goblins
  5 hobgoblins
  2 jackals (D:4)
  2 quokkas
  6 frilled lizards
  9 kobolds
  A quokka zombie (D:6)
  4 rats
  A plant (D:6)
118 creatures vanquished.

Vanquished Creatures (collateral kills)
  2 gnolls (D:5)
2 creatures vanquished.

Vanquished Creatures (others)
  A plant (D:6)
1 creature vanquished.

Grand Total: 121 creatures vanquished

Notes
Turn   | Place    | Note
-------+----------+-------------------------------------------
     0 | D:1      | Kurtz the Troll Chaos Knight began the quest for the Orb.
     0 | D:1      | Reached XP level 1. HP: 22/22 MP: 0/0
    34 | D:1      | XOM: harmless Erth miscast
    52 | D:1      | XOM: confuse monster(s)
   144 | D:1      | XOM: god gift: wand of digging (?/24) {god gift}
   160 | D:1      | XOM: butterfly on damage
   161 | D:1      | Reached XP level 2. HP: 20/29 MP: 1/1
   484 | D:2      | Reached XP level 3. HP: 26/36 MP: 2/2
   771 | D:2      | Found an iron altar of Okawaru.
   820 | D:2      | XOM is BORED!
   820 | D:2      | XOM: medium Pois miscast
   867 | D:2      | Reached XP level 4. HP: 43/45 MP: 3/3
  1018 | D:3      | Noticed Grinder
  1043 | D:3      | XOM: fog
  1044 | D:3      | Reached skill level 4 in Unarmed Combat
  1046 | D:3      | XOM: divination: detect creatures
  1051 | D:2      | XOM: enchant monster (good)
  1052 | D:2      | Paralysed by Grinder for 2 turns
  1061 | D:2      | Killed Grinder
  1061 | D:2      | Reached skill level 5 in Unarmed Combat
  1061 | D:2      | Reached XP level 5. HP: 10/53 MP: 4/4
  1061 | D:2      | Reached XP level 6. HP: 12/61 MP: 5/5
  1151 | D:3      | Found an opulent altar of Gozag.
  1204 | D:3      | XOM: medium Fire miscast
  1363 | D:3      | XOM: noise
  1410 | D:3      | Noticed Ijyb
  1419 | D:3      | Killed Ijyb
  1438 | D:3      | Noticed Natasha
  1443 | D:3      | Reached skill level 6 in Unarmed Combat
  1452 | D:3      | Killed Natasha
  1472 | D:3      | XOM: scenery: create altars
  1657 | D:3      | XOM: god gift: phantom mirror
  1665 | D:3      | XOM: noise
  1701 | D:3      | Noticed Natasha
  1724 | D:3      | Killed Natasha
  1832 | D:3      | XOM: medium Pois miscast
  1988 | D:4      | Reached XP level 7. HP: 67/67 MP: 6/6
  2266 | D:4      | Found a shadowy altar of Dithmenos.
  2311 | D:4      | Noticed Kurtz's ghost (amateur TrCK)
  2313 | D:4      | XOM: mild Ice miscast
  2320 | D:5      | Entered Level 5 of the Dungeon
  2320 | D:5      | XOM: summons 3 hostile demons
  2321 | D:5      | Noticed a chaos spawn
  2333 | D:5      | XOM: swap monsters
  2438 | D:5      | Reached skill level 7 in Unarmed Combat
  2514 | D:5      | XOM: harmless Summ miscast
  2532 | D:5      | Reached skill level 1 in Stealth
  2777 | D:5      | Found a shattered altar of Ashenzari.
  2823 | D:5      | Found a sacrificial altar of Ru.
  2934 | D:6      | XOM: cast spell 'Alistair's Intoxication'
  3041 | D:6      | Reached XP level 8. HP: 75/75 MP: 7/7
  3043 | D:6      | Reached skill level 8 in Unarmed Combat
  3217 | D:6      | XOM: noise
  3455 | D:6      | Found a blossoming altar of Fedhas.
  3508 | D:6      | Killed from afar by an electric eel

Vault maps used:
D:1:      matt_arrival_diagonals, kennysheep_nondescript
D:2:      cheibrodos_helix_gallery, okawaru_gym_becter
D:3:      kennysheep_slugbush, first_bread, nicolae_gozag_seed_capital,
          uniq_iyjb, uniq_natasha, uniq_grinder
D:4:      nicolae_dithmenos_shadow_blocks, small_statue_intersection
D:5:      ashenzari_conservatory_becter, nicolae_ru_the_path_less_chosen
D:6:      fedhas_altar_3, serial_bayou, serial_bayou_pond_b,
          serial_bayou_shore_b, serial_bayou_lagoon_a, serial_bayou_shore_b,
          kennysheep_generic_room_16

Skill      XL: |  1  2  3  4  5  6  7  8 |
---------------+-------------------------+-----
Dodging        | 2 3 4 |  4.3
Fighting       | 3 |  3.7
Unarmed Combat | 5 6 7 8 |  8.8
Stealth        | 1 |  1.5

Action                   |  1- 3 |  4- 6 |  7- 9 || total
-------------------------+-------+-------+-------++-------
Melee: Unarmed           |    84 |   116 |   146 ||   346
       Punch             |       |     1 |     3 ||     4
  Use: Scroll            |       |       |     6 ||     6
 Stab: Confused          |     1 |       |       ||     1
       Sleeping          |       |     1 |     2 ||     3
       Petrified         |       |     1 |       ||     1
  Eat: Chunk             |    13 |    11 |    13 ||    37
Armor: Robe              |    25 |    39 |    30 ||    94
Dodge: Dodged            |    31 |    36 |    66 ||   133
